 Dungeon Crawl Stone Soup version 0.27.0-1-g7a089689b8 (webtiles) character file.

Game seed: 14440176691479965123

134 Sin92 the Skirmisher (level 4, 0/35 HPs)
             Began as a Demonspawn Fighter on Aug 5, 2021.
             Slain by an orc (5 damage)
             ... on level 3 of the Dungeon.
             The game lasted 00:02:10 (2379 turns).

Sin92 the Skirmisher (Demonspawn Fighter)           Turns: 2379, Time: 00:02:10

Health: 0/35       AC:  6    Str: 17    XL:     4   Next: 95%
Magic:  4/4        EV:  7    Int: 10    God:
Gold:   165        SH:  0    Dex: 12    Spells: 3/3 levels left

rFire    + . .     SeeInvis .   a - +0 war axe
rCold    . . .     Faith    .   c - +0 kite shield
rNeg     . . .     Spirit   .   b - +0 scale mail
rPois    .         Reflect  .   (no helmet)
rElec    .         Harm     .   (no cloak)
rCorr    .         Rampage  .   (no gloves)
Will     .....                  (no boots)
Stlth    ..........             (no amulet)
HPRegen  0.11/turn              g - ring of protection from fire
MPRegen  0.09/turn              (no ring)

@: confused
A: talons 1, foul stench 1, powered by death 1
a: no special abilities


You were on level 3 of the Dungeon.
You visited 1 branch of the dungeon, and saw 3 of its levels.

You collected 165 gold pieces.

Inventory:

Hand Weapons
 a - a +0 war axe (weapon)
Armour
 b - a +0 scale mail (worn)
 c - a +0 kite shield (worn)
Jewellery
 g - a ring of protection from fire (left hand)
Scrolls
 d - 2 scrolls of fear {unknown}
 h - a scroll of immolation {unknown}
 j - a scroll of magic mapping {unknown}
 k - a scroll of identify {unknown}
Potions
 e - a potion of heal wounds
 f - a potion of cancellation {unknown}
 i - a potion of brilliance {unknown}
 l - a potion of degeneration {unknown}
 m - a potion of attraction {unknown}
 n - 2 potions of might
 o - a potion of curing {unknown}


   Skills:
 + Level 3.5 Fighting
 * Level 3.0 Axes
 + Level 3.2 Armour
 + Level 1.4 Dodging
 + Level 3.2 Shields


You had 3 spell levels left.
You didn't know any spells.
Your spell library contained the following spells:

 Spells                   Type           Power      Damage    Failure   Level
 Apportation              Tloc           0%         N/A       99%         1


Dungeon Overview and Level Annotations

Branches:
Dungeon (3/15)

Altars:

Shops:
D:2 :


Innate Abilities, Weirdness & Mutations

You have sharp toenails.
You may rarely emit foul miasma when damaged in melee.
You regenerate a little health from kills.


Message History

You kill the orc!
You slash something! You hit the orc. Something hits you.
You block the orc's attack. Something hits you. The orc closely misses you.
You hit the orc but do no damage. Your kick misses the orc.
The orc is almost dead.
You closely miss something.
You hear some strange, mumbled words.
You are confused.
The orc hits you but does no damage.
You hear some strange, mumbled words.
A puff of flame appears from out of thin air!
The puff of flame hits you but does no damage.
You resist. The orc hits you but does no damage.
You bump into the rock wall.
Something hits you. The orc hits you with a +0 dagger.
You miss something. You claw something. You hit the orc.
You kill the orc!
You hear some strange, mumbled words.
You are more confused.
You hit the orc.
The orc is almost dead.
You barely miss something. The orc hits you but does no damage.
Something hits you.
You emit a cloud of foul miasma!
The orc barely misses you.
Reactivating autopickup.
You feel a bit more experienced.
Your Axes skill increases to level 3!
The orc hits you with a +0 club.
* * * LOW HITPOINT WARNING * * *
The orc completely misses you.
Items here: )) [ †.
Things that are here:
a +0 mace; a +0 leather armour; an orc corpse You bump into the rock wall.
The orc hits you with a +0 club.
* * * LOW HITPOINT WARNING * * *
The orc hits you with a +0 club.
* * * LOW HITPOINT WARNING * * *
You're too confused to move!
The orc barely misses you. The orc hits you with a +0 club.
You die...

## ####### #. ##.....##
#. ##.......#### #.
##)o......†..# #.
#°@##'##..##.# #.
.......o##...##..# #.
........#..)..#..#+#####.
........#.....#........#.
........#.....#........#.
........##...##........#.
######...#####.........#.
#... .....#.......#.
.....+.......'.


You could see 2 orcs.

Vanquished Creatures
  Jessica (D:3)
  An orc wizard (D:3)
  Robin (D:3)
  An adder (D:3)
  A worm (D:2)
  A dart slug (D:3)
  3 orcs (D:3)
  4 endoplasms
  A giant cockroach (D:3)
  10 goblins
  6 hobgoblins
  5 kobolds
  2 quokkas
  3 ball pythons (D:1)
  8 bats
  A frilled lizard (D:1)
  9 rats
58 creatures vanquished.

Notes
Turn   | Place    | Note
-------+----------+-------------------------------------------
     0 | D:1      | Sin92 the Demonspawn Fighter began the quest for the Orb.
     0 | D:1      | Reached XP level 1. HP: 18/18 MP: 1/1
   192 | D:1      | Found a faded altar of an unknown god.
   209 | D:1      | Gained mutation: You may rarely emit foul miasma when
                  | damaged in melee. [demonic ancestry]
   209 | D:1      | Reached XP level 2. HP: 24/24 MP: 2/2
  1612 | D:2      | Gained mutation: You regenerate a little health from kills.
                  | [demonic ancestry]
  1612 | D:2      | Reached XP level 3. HP: 28/29 MP: 3/3
  1675 | D:2      | Found Lilymoma's Book Shop.
  2071 | D:3      | Noticed Robin
  2087 | D:3      | Killed Robin
  2088 | D:3      | Reached skill level 1 in Dodging
  2333 | D:3      | Noticed Jessica
  2339 | D:3      | Gained mutation: You have sharp toenails. [demonic
                  | ancestry]
  2339 | D:3      | Reached XP level 4. HP: 35/35 MP: 4/4
  2341 | D:3      | Killed Jessica
  2346 | D:3      | Got Jessica's Handbook of Displacement
  2379 | D:3      | Slain by an orc

Illustrated notes

Levels and vault maps discovered:
D:1:      dpeg_arrival_subterranean_lakeside_camping, layout_basic,
          hellmonk_ecumenical_altar_pennies_from_heaven, minmay_heptomino_h4
D:2:      layout_basic, serial_shops, shop
D:3:      layout_basic, kennysheep_jessica_study, uniq_crazy_yiuf_cottage,
          uniq_robin

Skill      XL: |  1  2  3  4 |
---------------+-------------+-----
Axes           | 2 3 |  3.0
Armour         | 3 |  3.2
Dodging        | 1 |  1.4
Shields        | 3 |  3.2
Fighting       | |  3.5

Action                   |  1- 3 |  4- 6 || total
-------------------------+-------+-------++-------
Melee: War axe           |   136 |    14 ||   150
       Kick              |       |     3 ||     3
  Use: Potion            |     2 |       ||     2
       Scroll            |     1 |       ||     1
Armor: Scale mail        |    80 |     5 ||    85
Dodge: Dodged            |    49 |     9 ||    58
Block: Kite shield       |    70 |     9 ||    79
